AoeStats
← krodie1029

Arena

509896168Analyzed
1v1 RM · 3d ago on Sep 28, 2026· 60m 2s· 2 players
Game mode
Random Map
Map size
Tiny (2 player)
Population
200
Speed
Normal
Resources
Standard
Victory
Conquest
Starting age
Dark Age
Ending age
Imperial Age
RankedLock teamsTeams togetherTeam positionsShared explorationLock speedFull tech treeHidden civsTurbo modeCheats
Victory
Defeat
🇺🇦 Britons · Ukraine
692
+16
🇨🇴 Franks · Colombia
699
-16
Vladislave
12:14 Feudal Age
17:19 Castle Age
16:17 Double-Bit Axe
19:20 Fletching
19:31 Padded Archer Armor
22:27 Horse Collar
24:42 Gold Mining
26:00 Wheelbarrow
26:28 Gold Shaft Mining
25:44 Stone Mining
28:36 Scale Barding Armor
28:48 Leather Archer Armor
28:30 Bodkin Arrow
29:25 Hand Cart
28:58 Town Watch
31:02 Husbandry
30:23 Light Cavalry
31:26 Chain Barding Armor
31:19 Forging
32:01 Arson
32:16 Squires
32:02 Gambesons
35:39 Imperial Age
34:45 Iron Casting
34:57 Ballistics
35:56 Treadmill Crane
36:08 Guard Tower
36:05 Treadmill Crane
37:26 Chemistry
35:50 Cranequins
37:53 Pikeman
38:33 Heavy Mounted Crossbowman
39:42 Conscription
38:54 Sappers
40:03 Hoardings
41:02 Halberdier
43:04 Bracer
46:36 Blast Furnace
46:11 Plate Barding Armor
46:36 Warwolf
49:01 Scale Mail Armor
49:35 Ring Archer Armor
55:16 Chain Mail Armor
krodie1029
13:35 Feudal Age
14:09 Double-Bit Axe
15:26 Wheelbarrow
14:45 Gold Mining
17:03 Stone Mining
20:22 Castle Age
18:59 Scale Barding Armor
22:03 Bow Saw
23:51 Forging
24:03 Chain Barding Armor
23:52 Husbandry
24:25 Hand Cart
30:02 Gold Shaft Mining
30:06 Iron Casting
37:18 Imperial Age
34:21 Ordonnance Companies
40:18 Chemistry
39:39 Ballistics
39:15 Murder Holes
41:49 Light Cavalry
41:52 Cavalier
49:02 Conscription
53:30 Elite Skirmisher
Connection lost

Rejoining the realm…

Still unreachable

The connection could not be restored.

Session expired

The server has moved on; the page needs a fresh start.